 Dungeon Crawl Stone Soup version 0.24.0-125-gc4c63601f3 (webtiles) character file.

Game seed: 3413893596419624513, levelgen mode: deterministic

11072 BuffBuff the Cleaver (level 11, -15/101 HPs)
             Began as a Minotaur Berserker on Mar 19, 2020.
             Was a High Priest of Trog.
             Demolished by a titanic slime creature (59 damage)
             ... on level 12 of the Dungeon.
             The game lasted 00:26:21 (11206 turns).

BuffBuff the Cleaver (Minotaur Berserker)          Turns: 11206, Time: 00:26:22

Health: -15/101    AC: 19    Str: 25    XL:     11   Next: 44%
Magic:  10/10      EV: 11    Int:  7    God:    Trog [*****.]
Gold:   474        SH:  0    Dex: 10    Spells: 10/10 levels left

rFire    + . .     SeeInvis +   a - +6 executioner's axe (chop)
rCold    x . .     Gourm    .   (shield currently unavailable)
rNeg     . . .     Faith    .   A - +0 plate armour
rPois    .         Spirit   .   (helmet restricted)
rElec    .         Reflect  .   (no cloak)
rCorr    .         Harm     .   e - +0 pair of gloves
MR       .....                  y - +2 pair of boots of Xipricib {Int+3}
Stlth    ..........             (no amulet)
HPRegen  0.26/turn              z - ring of see invisible
MPRegen  0.12/turn              g - ring of fire

@: starving, lightly drained
A: retaliatory headbutt, horns 2
a: Berserk, Trog's Hand, Brothers in Arms, Renounce Religion


You were on level 12 of the Dungeon.
You worshipped Trog.
Trog was extremely pleased with you.
You were starving.

You visited 1 branch of the dungeon, and saw 12 of its levels.

You collected 474 gold pieces.

Inventory:

Hand Weapons
 a - a +6 executioner's axe of chopping (weapon)
Missiles
 s - 19 poisoned darts (quivered)
Armour
 e - a +0 pair of gloves (worn)
 y - the +2 pair of boots of Xipricib (worn) {Int+3}
   (You acquired it on level 11 of the Dungeon)

   It affects your intelligence (+3).
 A - a +0 plate armour (worn)
Jewellery
 g - a ring of fire (right hand)
 m - an uncursed ring of flight
 z - a ring of see invisible (left hand)
Wands
 f - a wand of scattershot (6)
 i - a wand of iceblast (15)
 v - a wand of flame (13)
Scrolls
 h - 8 scrolls of remove curse
 k - a scroll of magic mapping {unknown}
 n - 5 scrolls of blinking
 t - 3 scrolls of enchant armour
 u - 6 scrolls of teleportation
 x - a scroll of fog
Potions
 b - 2 potions of resistance
 d - a potion of brilliance
 j - 3 potions of heal wounds
 l - a potion of lignification
 o - 3 potions of haste
 p - 2 potions of invisibility
 q - 2 potions of flight
 r - 5 potions of curing
 w - 2 potions of cancellation
 B - a potion of agility {unknown}
Comestibles
 c - 15 rations


   Skills:
 + Level 10.4(10.0) Fighting
 * Level 13.7(13.3) Axes
 + Level 10.0(9.7) Armour
 + Level 9.2(8.9) Dodging


You had 10 spell levels left.
You didn't know any spells.
Your spell library was empty.

Dungeon Overview and Level Annotations

Branches:
Dungeon (12/15)            Temple (0/1) D:6            Lair (0/6) D:8
    Orc (0/2) D:11

Altars:
Cheibriados
Kikubaaqudgha
Makhleb
Qazlal
Ru
Sif Muna
Trog
Uskayaw
Xom

Shops:
D:7 :

Portals:
Trove: D:10 (give +3 gold dragon scales)

Annotations:
D:3 2 transporters, 1994's ghost, weakling DEFE


Innate Abilities, Weirdness & Mutations

You reflexively headbutt those who attack you in melee.
You have a pair of horns on your head.


Message History

The wight hits you from afar with a cursed +4 spear!
You feel drained.
A slime creature suddenly becomes a titanic slime creature.
The wight hits you but does no damage.
Your plate armour prevents you from hitting the titanic slime creature.
The titanic slime creature is moderately wounded.
Your plate armour prevents you from hitting the wight.
The wight barely misses you. The titanic slime creature hits you!!!
Ouch! That really hurt!
The wight closely misses you. The wight completely misses you.
The wight barely misses you.
There is an open door here.
There is an open door here.
You are starving!
You see here 3 bolts.
There is a stone staircase leading up here.
The titanic slime creature hits you!!!
Ouch! That really hurt!
You die...

#.........#
###.#.#
#####'#####
#.....# #..#
####.## ##..#
#.z.# #...
####.#######
##+#
#..)........
#.).........
###.J.........
#...@.........
#.#...........
#.#...........
+ #...........
#...........
######.#### .#
#


You could see a titanic slime creature and a wight.

Vanquished Creatures
  A two-headed ogre (D:11)
  An ugly thing (D:11)
  A cyclops (D:11)
  A gargoyle (D:11)
  A komodo dragon (D:8)
  A yaktaur (D:12)
  A kobold demonologist (D:12)
  A troll (D:10)
  A hippogriff (D:8)
  Sigmund (D:4)
  19 yaks
  A hungry ghost (D:8)
  Duvessa (D:4)
  4 orc warriors
  2 phantoms
  2 sky beasts
  An eye of draining (D:8)
  2 ice beasts
  4 ogres
  4 centaurs
  A big kobold (D:7)
  Blork the orc (D:6)
  5 bullfrogs
  Dowan (D:4)
  2 scorpions
  22 killer bees
  4 wights (D:8)
  A howler monkey (D:9)
  4 crimson imps
  A bullfrog zombie (D:11)
  A centaur zombie (D:5)
  5 orc priests
  5 jellies
  7 orc wizards
  7 hounds
  A centaur skeleton (D:8)
  Jessica (D:3)
  6 iguanas
  Natasha (thrice) (D:3)
  12 worker ants
  A hound skeleton (D:7)
  Robin (D:4)
  A worker ant zombie (D:5)
  4 adders
  An adder skeleton (D:6)
  2 worms (D:2)
  4 leopard geckos
  52 orcs
  8 bats
  5 giant cockroaches
  17 goblins
  14 hobgoblins
  10 jackals
  9 kobolds
  7 quokkas
  8 frilled lizards
  A leopard gecko skeleton (D:4)
  A quokka skeleton (D:9)
  A quokka zombie (D:5)
  5 rats
  A bush (D:1)
293 creatures vanquished.

Vanquished Creatures (others)
  A plant (D:8)
1 creature vanquished.

Grand Total: 294 creatures vanquished

Notes
Turn   | Place    | Note
-------+----------+-------------------------------------------
     0 | D:1      | BuffBuff the Minotaur Berserker began the quest for the
                  | Orb.
     0 | D:1      | Reached XP level 1. HP: 19/19 MP: 0/0
   471 | D:1      | Reached XP level 2. HP: 22/27 MP: 1/1
   540 | D:1      | Reached skill level 4 in Axes
  1020 | D:1      | Reached XP level 3. HP: 33/33 MP: 2/2
  1077 | D:1      | Reached ** piety under Trog
  1431 | D:2      | Reached XP level 4. HP: 40/40 MP: 3/3
  1760 | D:3      | Found a sacrificial altar of Ru.
  1864 | D:3      | Found a transporter.
  1877 | D:3      | Found a transporter.
  1894 | D:3      | Noticed Natasha
  1896 | D:3      | Killed Natasha
  1896 | D:3      | Reached skill level 5 in Axes
  1905 | D:3      | Noticed 1994's ghost (weakling DEFE)
  2005 | D:3      | Noticed Jessica
  2017 | D:3      | Killed Jessica
  2017 | D:3      | Reached XP level 5. HP: 47/47 MP: 4/4
  2131 | D:3      | Identified Jessica's Tome of Enchantment
  2194 | D:3      | Found a faded altar of an unknown god.
  2283 | D:3      | Found a hide-covered altar of Uskayaw.
  2402 | D:3      | Reached *** piety under Trog
  2425 | D:3      | Found an ancient bone altar of Kikubaaqudgha.
  2633 | D:3      | Noticed Natasha
  2639 | D:3      | Killed Natasha
  2649 | D:3      | Noticed Natasha
  2656 | D:3      | Killed Natasha
  2766 | D:4      | Noticed Sigmund
  2776 | D:4      | Killed Sigmund
  2776 | D:4      | Reached skill level 5 in Fighting
  2776 | D:4      | Reached skill level 6 in Axes
  2776 | D:4      | Reached XP level 6. HP: 56/56 MP: 5/5
  3058 | D:4      | Noticed Robin
  3087 | D:4      | Killed Robin
  3154 | D:4      | Noticed Dowan
  3155 | D:4      | Noticed Duvessa
  3164 | D:4      | Killed Duvessa
  3164 | D:4      | Reached XP level 7. HP: 61/61 MP: 6/6
  3175 | D:4      | Killed Dowan
  3313 | D:4      | Found a shimmering blue altar of Sif Muna.
  3548 | D:4      | Found a snail-covered altar of Cheibriados.
  3582 | D:4      | Reached skill level 7 in Axes
  3798 | D:5      | Entered Level 5 of the Dungeon
  3808 | D:5      | Found a bloodstained altar of Trog.
  3842 | D:5      | Reached skill level 5 in Armour
  4114 | D:5      | Found a stormy altar of Qazlal.
  4390 | D:5      | Reached skill level 8 in Axes
  4390 | D:5      | Reached skill level 5 in Dodging
  4390 | D:5      | Reached XP level 8. HP: 63/70 MP: 7/7
  4767 | D:6      | Found a staircase to the Ecumenical Temple.
  4869 | D:6      | Noticed Blork the orc
  4875 | D:6      | Killed Blork the orc
  4892 | D:6      | Reached **** piety under Trog
  5191 | D:6      | Found a shimmering altar of Xom.
  5228 | D:6      | Reached skill level 9 in Axes
  5441 | D:6      | Found a burning altar of Makhleb.
  5558 | D:6      | Found a bloodstained altar of Trog.
  5610 | D:7      | Found a burning altar of Makhleb.
  5979 | D:7      | Found Wautivoc's Book Shop.
  6003 | D:7      | You fall into a shaft and drop 1 floor!
  6050 | D:8      | Reached XP level 9. HP: 72/79 MP: 8/8
  6066 | D:8      | Found a staircase to the Lair.
  6067 | D:8      | Noticed a komodo dragon
  6087 | D:8      | Killed a komodo dragon
  6229 | D:8      | Found a stormy altar of Qazlal.
  6270 | D:8      | Reached skill level 10 in Axes
  6694 | D:8      | You fall into a shaft and drop 3 floors!
  6791 | D:11     | Found a staircase to the Orcish Mines.
  6800 | D:11     | Noticed a cyclops
  6810 | D:11     | Killed a cyclops
  6810 | D:11     | Reached skill level 11 in Axes
  7061 | D:10     | Entered Level 10 of the Dungeon
  7238 | D:10     | Reached XP level 10. HP: 78/90 MP: 9/9
  7244 | D:10     | Reached ***** piety under Trog
  7473 | D:10     | Reached skill level 12 in Axes
  8023 | D:10     | Found a portal to a secret trove of treasure.
  8154 | D:10     | Received a gift from Trog
  9585 | D:9      | Identified the +11 dagger "Ampi" {drain, rF+}
  9593 | D:9      | Received a gift from Trog
  9598 | D:9      | Reached XP level 11. HP: 93/99 MP: 10/10
  9600 | D:9      | Reached skill level 13 in Axes
  9839 | D:9      | Reached skill level 10 in Fighting
 10132 | D:11     | Noticed a two-headed ogre
 10145 | D:11     | Killed a two-headed ogre
 10428 | D:11     | Identified a scroll of acquirement
 10429 | D:11     | Got a pair of slimy boots
 10615 | D:11     | Identified the +2 pair of boots of Xipricib {Int+3} (You
                  | acquired it on level 11 of the Dungeon)
 10690 | D:11     | Noticed a green ugly thing
 10706 | D:11     | Killed a green ugly thing
 10861 | D:11     | Reached skill level 10 in Armour
 11206 | D:12     | Demolished by a titanic slime creature

Levels and vault maps discovered:
D:1:      dpeg_arrival_triangle_fractal, layout_basic, minmay_hedge_maze
D:2:      cheibrodos_old_hovel, layout_rooms
D:3:      layout_basic, nicolae_overflow_crystal_walls, lemuel_round_altar,
          lemuel_round_altar, first_ration, gammafunk_ghost_stat_death,
          chequers_ecumenical_altar_lobes, kennysheep_jessica_study,
          uniq_natasha
D:4:      layout_basic, cheibriados_altar_1, overflow_temple_1_default,
          uniq_sigmund, uniq_robin, uniq_duvessa
D:5:      layout_cave_pools, marbit_many_paths, grunt_decor_arrowhead,
          trog_three_pillars_becter
D:6:      layout_basic, overflow_temple_1_default, lightli_temple_of_fire,
          xom_teletrap_fun, minmay_temple_entry_hall, uniq_blork_the_orc
D:7:      layout_basic, lemuel_coloured_pillars_altar,
          nicolae_overflow_hidden_temple, kennysheep_little_box, serial_shops,
          shop, nicolae_shop_behind_doors, shop, makhleb_heckhound_becter
D:8:      layout_basic, david_lair_shrubbed, basic_altar, special_room
          [special_room_orc], serial_park_tiny_2, grunt_ogre_cave
D:9:      layout_cave_pools
D:10:     layout_stronghold, enter_trove_1
D:11:     layout_loops_cross, orc_0_dummy
D:12:     layout_roguey, serial_shops, shop, muffindrake_ghost_dual_entry

Skill      XL: |  1  2  3  4  5  6  7  8  9 10 11 |
---------------+----------------------------------+-----
Axes           | 4 5 6 8 9 11 12 13 | 13.7
Fighting       | 4 5 6 7 8 9 10 | 10.4
Armour         | 3 4 5 6 8 9 10 | 10.0
Dodging        | 3 4 5 6 7 8 9 |  9.2

Action                   |  1- 3 |  4- 6 |  7- 9 | 10-12 || total
-------------------------+-------+-------+-------+-------++-------
Melee: Hand axe          |   181 |    75 |       |       ||   256
       Headbutt          |    51 |    18 |    63 |    42 ||   174
       War axe           |       |    45 |   300 |    57 ||   402
       Battleaxe         |       |       |       |   118 ||   118
       Executioner's axe |       |       |       |    66 ||    66
Invok: Berserk           |       |     2 |     1 |     1 ||     4
  Use: Scroll            |       |    13 |     1 |     8 ||    22
       Potion            |       |       |       |     1 ||     1
  Eat: Chunk             |     2 |     8 |     7 |     7 ||    24
       Ration            |       |       |     2 |     2 ||     4
Armor: Animal skin       |     3 |       |       |       ||     3
       Leather armour    |    17 |       |       |       ||    17
       Chain mail        |    18 |    65 |   111 |       ||   194
       Plate armour      |       |       |    18 |   139 ||   157
       Scale mail        |       |       |     8 |       ||     8
Dodge: Dodged            |    58 |    62 |   133 |   117 ||   370
